 Dungeon Crawl Stone Soup version 0.28.0-47-ge53b351184 (webtiles) character file.

Game seed: 7522825061235923497

91 Exodus22XD the Magician (level 4, -2/24 HPs)
             Began as a Deep Elf Conjurer on Apr 29, 2022.
             Slain by Pikel
             ... wielding a +1 whip of electrocution
              (12 damage)
             ... on level 4 of the Dungeon.
             The game lasted 00:04:07 (3160 turns).

Exodus22XD the Magician (Deep Elf Conjurer)         Turns: 3160, Time: 00:04:09

Health: -2/24      AC:  3    Str:  4    XL:     4   Next: 34%
Magic:  5/14       EV: 12    Int: 25    God:
Gold:   104        SH:  0    Dex: 13    Spells: 12/15 levels left

rFire   . . .      SeeInvis .   g - staff of poison
rCold   . . .      Faith    .   (no shield)
rNeg    . . .      Spirit   .   a - +0 robe
rPois   +          Reflect  .   j - +1 hat
rElec   .          Harm     .   (no cloak)
rCorr   .          Rampage  .   (no gloves)
Will    .....                   (no boots)
Stlth   ++........              (no amulet)
HPRegen 0.08/turn               (no ring)
MPRegen 0.14/turn               (no ring)

@: no status effects
A: no striking features
a: no special abilities


You were on level 4 of the Dungeon.
You visited 1 branch of the dungeon, and saw 4 of its levels.

You collected 104 gold pieces.

Inventory:

Hand Weapons
 l - the +10 long sword of Callousness {speed, rN+ Str+3 Dex+2}
   (You found it on level 2 of the Dungeon)

   Attacks with this weapon are significantly faster.
   Str:       It affects your strength (+3).
   Dex:       It affects your dexterity (+2).
   rN:        It protects you from negative energy.
Armour
 a - a +0 robe (worn)
 j - a +1 hat (worn)
Magical Staves
 g - a staff of poison (weapon)
Jewellery
 h - an amulet of guardian spirit
 m - a ring of ice
 o - a ring of fire
Scrolls
 d - a scroll of identify {unknown}
 f - a scroll of magic mapping {unknown}
 i - a scroll of immolation {unknown}
 k - a scroll of blinking {unknown}
Potions
 b - 2 potions of brilliance {unknown}
 c - a potion of magic {unknown}
 e - 2 potions of curing {unknown}
 n - a potion of heal wounds {unknown}
 p - a potion of resistance {unknown}


   Skills:
 - Level 2.4 Dodging
 - Level 2.4 Stealth
 + Level 6.3 Spellcasting
 - Level 4.3 Conjurations


You had 12 spell levels left.
You knew the following spells:

 Your Spells              Type           Power      Damage    Failure   Level
a - Magic Dart            Conj           100%       1d8       1%          1
b - Searing Ray           Conj           58%        2d6       1%          2

Your spell library contained the following spells:

 Spells                   Type           Power      Damage    Failure   Level
 Dazzling Flash           Conj/Hex       36%        N/A       9%          3
 Fulminant Prism          Conj/Hex       9%         3d7       28%         4
 Iskenderun's Mystic Bla  Conj/Tloc      18%        2d6       28%         4


Dungeon Overview and Level Annotations

Branches:
Dungeon (4/15)
 Temple: D:4-7

Altars:

Shops:
D:2 !

Annotations:
D:3 3 runed translucent doors, Peloso's ghost, weakling MiFi
D:4 Pikel


Message History

Aiming: Searing Ray (safe; 1% risk of failure)
Press: ? - help, Shift-Dir - straight line, f - Pikel
Aim: Pikel, wielding a +1 whip of electrocution and wearing a +0 robe (74% to hit)
The searing ray hits the lemure!
The lemure is moderately wounded.
The searing ray misses Pikel. (Press . to maintain the ray.)
The lemure hits you!
The searing ray hits the lemure.
The lemure is heavily wounded.
The searing ray misses Pikel.
The lemure misses you.
The searing ray hits the lemure.
The lemure is heavily wounded.
The searing ray hits Pikel!
Pikel is lightly wounded.
The searing ray hits Pikel.
Pikel is moderately wounded.
You finish channelling your searing ray.
Casting: Searing Ray (safe; 1% risk of failure)
Confirm with . or Enter, or press ? or * to list all spells.
Aiming: Searing Ray (safe; 1% risk of failure)
Press: ? - help, Shift-Dir - straight line, f/p - Pikel
Aim: Pikel, wielding a +1 whip of electrocution and wearing a +0 robe (moderately wounded, 74% to hit)
The searing ray hits Pikel but does no damage.
Pikel is moderately wounded. (Press . to maintain the ray.) Pikel barely misses you.
The searing ray hits Pikel.
Pikel is moderately wounded.
Pikel hits you with a +1 whip of electrocution.
The searing ray hits Pikel!
Pikel is heavily wounded.
Pikel closely misses you.
The searing ray hits Pikel.
Pikel is severely wounded.
You finish channelling your searing ray.
Pikel hits you with a +1 whip of electrocution.
You are electrocuted!
Ouch! That really hurt!
You die...

# #.#########
#....#....# #.......#.#
#.......#.# #.....@.#
#..##K### #5# .. #5# ##
...# #5# ..
.....#5########.####
#...................
#.................#####
..#.#.####.####....5..#


You could see Pikel and 4 lemures.

Vanquished Creatures
  2 adders
  A white imp (D:3)
  3 worms (D:3)
  2 dart slugs (D:1)
  4 ball pythons
  5 endoplasms
  2 giant cockroaches (D:3)
  2 goblins
  6 hobgoblins
  3 jackals (D:1)
  5 quokkas
  2 bats (D:1)
  4 frilled lizards
  5 kobolds
  6 rats
52 creatures vanquished.

Notes
Turn   | Place    | Note
-------+----------+-------------------------------------------
     0 | D:1      | Exodus22XD the Deep Elf Conjurer began the quest for the
                  | Orb.
     0 | D:1      | Reached XP level 1. HP: 10/10 MP: 6/6
   210 | D:1      | Reached skill level 4 in Spellcasting
   210 | D:1      | Reached XP level 2. HP: 15/15 MP: 5/9
   692 | D:1      | Learned a level 2 spell: Searing Ray
   785 | D:1      | Reached XP level 3. HP: 19/19 MP: 9/11
   850 | D:1      | Reached skill level 5 in Spellcasting
  1602 | D:2      | Found Kaer's Distillery.
  1851 | D:2      | Identified the +10 long sword of Callousness {speed, rN+
                  | Str+3 Dex+2}
  2160 | D:3      | Found a runed translucent gate.
  2161 | D:3      | Found a runed translucent gate.
  2161 | D:3      | Found a runed translucent gate.
  2161 | D:3      | Noticed a kobold brigand
  2161 | D:3      | Noticed Peloso's ghost (weakling MiFi)
  2388 | D:3      | Reached skill level 6 in Spellcasting
  2388 | D:3      | Reached XP level 4. HP: 24/24 MP: 10/14
  2805 | D:3      | Found a faded altar of an unknown god.
  3136 | D:4      | Noticed Pikel
  3136 | D:4      | Noticed a lemure
  3136 | D:4      | Noticed a lemure
  3136 | D:4      | Noticed a lemure
  3138 | D:4      | Noticed a lemure
  3160 | D:4      | Slain by Pikel

Illustrated notes

Levels and vault maps discovered:
D:1:      lemuel_arrival_river_ford, layout_loops_ring, bh_walls_and_bars
D:2:      layout_basic, serial_shops, nicolae_square_shop
D:3:      minmay_recursive_quarters, layout_basic, basic_ecumenical_altar,
          gammafunk_ghost_nasty_kobolds, nicolae_concentric_dashed_squares_wild,
          nicolae_figureground_sparkle
D:4:      layout_basic, nicolae_overflow_crystal_walls, uniq_pikel, uniq_natasha

Skill      XL: |  1  2  3 |
---------------+----------+-----
Spellcasting   | 4 6 |  6.3
Dodging        | |  2.4
Stealth        | |  2.4
Conjurations   | |  4.3

Action                   |  1- 3 |  4- 6 || total
-------------------------+-------+-------++-------
 Cast: Magic Dart        |    90 |    16 ||   106
       Searing Ray       |       |     4 ||     4
Armor: Robe              |     3 |       ||     3
Dodge: Dodged            |     6 |     3 ||     9
